 Dungeon Crawl Stone Soup version 0.30.1-11-g7821555f0a (webtiles) character file.

Game seed: 4467033877643733917

53 lonewolfV2 the Stinger (level 3, 0/19 HPs)
             Began as a Deep Elf Venom Mage on Nov 2, 2023.
             Slain by a worm (9 damage)
             ... on level 2 of the Dungeon.
             The game lasted 00:06:58 (1731 turns).

lonewolfV2 the Stinger (Deep Elf Venom Mage)        Turns: 1731, Time: 00:06:59

Health: 0/19       AC:  3    Str:  5    XL:     3   Next: 62%
Magic:  3/10       EV: 13    Int: 21    God:
Gold:   81         SH:  0    Dex: 15    Spells: 6/9 levels left

rFire   . . .        (no weapon)
rCold   . . .        (no shield)
rNeg    . . .        a - +1 robe
rPois   .            (no helmet)
rElec   .            (no cloak)
rCorr   .            (no gloves)
SInv    .            (no boots)
Will    .....        (no amulet)
Stlth   ++           (no ring)
HPRegen 0.23/turn    (no ring)
MPRegen 0.12/turn

%: no passive effects
@: no status effects
A: no striking features
a: no special abilities


You were on level 2 of the Dungeon.
You visited 1 branch of the dungeon, and saw 2 of its levels.

You collected 81 gold pieces.

Inventory:

Armour
 a - a +1 robe (worn)
Scrolls
 g - a scroll of amnesia {unknown}
Potions
 b - a potion of magic
 c - a potion of heal wounds {unknown}
 d - a potion of curing {unknown}
 e - 2 potions of might {unknown}
 f - a potion of haste {unknown}


   Skills:
 + Level 3.2 Dodging
 - Level 2.4 Stealth
 + Level 3.7 Spellcasting
 - Level 1.1 Transmutations
 * Level 4.3 Poison Magic


You had 6 spell levels left.
You knew the following spells:

 Your Spells              Type           Power      Damage    Failure   Level
a - Sting                 Tmut/Pois      60%        1d6       4%          1
b - Poisonous Vapours     Pois/Air       26%        N/A       8%          2

Your spell library contained the following spells:

 Spells                   Type           Power      Damage    Failure   Level
 Mephitic Cloud           Conj/Pois/Air  9%         N/A       21%         3
 Olgreb's Toxic Radiance  Pois           22%        N/A       21%         4


Dungeon Overview and Level Annotations

Branches:
Dungeon (2/15)

Altars:

Shops:
D:1 [


Message History

Aiming: Poisonous Vapours (safe; 8% risk of failure)
Press: ? - help, Dir - move target, f/p - worm
Aim: a worm Poisonous vapours surround the worm!
The worm is poisoned.
Casting: Poisonous Vapours (safe; 8% risk of failure)
Confirm with . or Enter, or press ? or * to list all spells.
You don't know that spell.
Casting: Poisonous Vapours (safe; 8% risk of failure)
Confirm with . or Enter, or press ? or * to list all spells.
Aiming: Poisonous Vapours (safe; 8% risk of failure)
Press: ? - help, Dir - move target, f/p - worm
Aim: a worm (lightly wounded, poisoned) Poisonous vapours surround the worm!
The worm looks even sicker.
Your magical contamination has completely faded away.
Press: ? - help, v - describe, . - travel The floor.
A goblin comes into view. It is wielding a +0 club.
The goblin shouts!
The worm bites you!
An endoplasm comes into view.
The goblin unwields a +0 club.
The goblin wields a +0 sling.
The goblin shoots a sling bullet.
The sling bullet completely misses you.
A kobold comes into view. It is wielding a +0 short sword.
The kobold shouts!
You hit the endoplasm but do no damage.
The worm looks more healthy.
The goblin shoots a sling bullet.
The sling bullet closely misses you. The endoplasm hits you.
Found a mace.
The goblin shoots a sling bullet.
The sling bullet completely misses you.
The sling bullet hits the worm.
The endoplasm closely misses you.
You hit the worm but do no damage.
The worm is lightly wounded.
The goblin shoots a sling bullet.
The sling bullet closely misses you.
The endoplasm jiggles.
The endoplasm closely misses you.
You hit the worm but do no damage.
The worm is lightly wounded.
The goblin shoots a sling bullet.
The sling bullet misses you. The worm bites you!
You die...

..#.###.#
#....#....#.#
#) #.#
######.####..
#. #.#
#.####..
####.###.#
#.......
.........#
#####..#
.####....#
#......
#....#
#...##...
#..w.# ..#
#.... #..@.#
# #...#
#...J# #...#
.....g....
#...#
#.###K..#+##
##### ......
.......
........
.........


You could see a worm, an endoplasm, a goblin and a kobold.

Vanquished Creatures
  An adder (D:2)
  A dart slug (D:1)
  A bat (D:2)
  4 endoplasms
  A giant cockroach (D:1)
  4 goblins
  A hobgoblin (D:1)
  8 jackals
  5 kobolds
  3 ball pythons (D:1)
  4 frilled lizards
  2 rats (D:2)
35 creatures vanquished.

Notes
Turn   | Place    | Note
-------+----------+-------------------------------------------
     0 | D:1      | lonewolfV2 the Deep Elf Venom Mage began the quest for the
                  | Orb.
     0 | D:1      | Reached XP level 1. HP: 10/10 MP: 6/6
   142 | D:1      | Found Odujuqeh's Armour Shop.
   443 | D:1      | Reached XP level 2. HP: 15/15 MP: 5/8
  1025 | D:2      | Reached skill level 4 in Poison Magic
  1025 | D:2      | Reached XP level 3. HP: 19/19 MP: 2/10
  1189 | D:2      | Learned a level 2 spell: Poisonous Vapours
  1731 | D:2      | Slain by a worm

Illustrated notes

Levels and vault maps discovered:
D:1:      minmay_arrival_loop, layout_rooms, serial_shops, shop,
          nicolae_kite_square_tiling_tiny
D:2:      layout_basic, shapermc_ecumenical_altar_hornbeckon,
          minmay_misc_feat_roman

Skill      XL: |  1  2 |
---------------+-------+-----
Dodging        | 3 |  3.2
Poison Magic   | 4 |  4.3
Stealth        | |  2.4
Spellcasting   | |  3.7
Transmutations | |  1.1

Action                     || total
---------------------------++-------
  Melee: Unarmed           ||     4
   Cast: Sting             ||    68
         Poisonous Vapours ||    11
    Use: Scroll            ||     3
 Armour: Robe              ||    16
  Dodge: Dodged            ||    68
